 Dungeon Crawl Stone Soup version 0.31-a0-983-g7b6862f502 (webtiles) character file.

Game seed: 902127351547441198

1099 sokol815 the Spear-Bearer (level 8, -1/52 HPs)
             Began as an Octopode Fighter on Nov 2, 2023.
             Was a Follower of Qazlal.
             Slain by a gnoll sergeant
             ... wielding a +0 spear
              (10 damage)
             ... on level 5 of the Dungeon.
             The game lasted 00:07:51 (4544 turns).

sokol815 the Spear-Bearer (Octopode Fighter)        Turns: 4544, Time: 00:07:52

Health: -1/52      AC:  1    Str: 17    XL:     8   Next: 32%
Magic:  8/8        EV: 13    Int: 11    God:    Qazlal [*.....]
Gold:   217        SH:  6    Dex: 11    Spells: 7/7 levels left

rFire   . . .        a - +0 trident
rCold   + . .        b - +0 buckler
rNeg    . . .        (helmet restricted)
rPois   .            h - amulet of faith
rElec   .            C - ring of protection from cold {rC+, !d}
rCorr   .            (no ring)
SInv    .            (no ring)
Will    .....        (no ring)
Stlth   ++           (no ring)
HPRegen 0.28/turn    (no ring)
MPRegen 0.11/turn    (no ring)
                     (no ring)

%: faith
@: no status effects
A: almost no armour, amphibious, 8 rings, camouflage 1, gelatinous body 1,
(nimble swimmer 1), tentacles
a: Renounce Religion


You were on level 5 of the Dungeon.
You worshipped Qazlal.
Qazlal was aware of your devotion.
You visited 1 branch of the dungeon, and saw 5 of its levels.

You collected 228 gold pieces.
You spent 11 gold pieces at shops.

Inventory:

Hand Weapons
 a - a +0 trident (weapon)
 j - a +4 quarterstaff
   (You found it on level 4 of the Dungeon)
 m - a +2 flail of draining
   (You took it off a gnoll on level 3 of the Dungeon)
 p - a +1 dagger of draining
   (You took it off an orc wizard on level 5 of the Dungeon)
 r - a +5 war axe of freezing
   (You took it off a wight on level 4 of the Dungeon)
Missiles
 i - 2 poisoned darts
 n - 7 boomerangs
 s - 59 stones
Armour
 b - a +0 buckler (worn)
Magical Staves
 o - a staff of poison {rPois}
   (You found it on level 5 of the Dungeon)
Jewellery
 h - an amulet of faith (around mantle)
   (You found it on level 2 of the Dungeon)
 q - an amulet of regeneration
   (You took it off an orc wizard on level 5 of the Dungeon)
 C - a ring of protection from cold (left tentacle) {rC+, !d}
   (You found it on level 4 of the Dungeon)
Scrolls
 d - a scroll of immolation {unknown}
 e - a scroll of enchant weapon {unknown}
 f - 2 scrolls of poison {unknown}
 g - a scroll of vulnerability {unknown}
 l - a scroll of brand weapon {unknown}
 t - a scroll of identify {@r1}
 Y - 3 scrolls of teleportation {@r3}
Potions
 c - a potion of magic {unknown}
 k - a potion of berserk rage {unknown}
 G - a potion of ambrosia {!q}
 H - a potion of haste
 J - 2 potions of curing {@q1}


   Skills:
 - Level 3.0 Fighting
 + Level 9.8 Polearms
 - Level 3.0 Dodging
 - Level 3.0 Shields


You had 7 spell levels left.
You didn't know any spells.
Your spell library was empty.

Dungeon Overview and Level Annotations

Branches:
Dungeon (5/15) Zot: 25442  Temple (0/1) D:5

Altars:
Ashenzari
Fedhas
Makhleb
Qazlal
Sif Muna
Uskayaw
Wu Jian
Xom

Shops:
D:1 !   D:3 :[

Annotations:
D:3 1 runed translucent door, Crazy Yiuf


Innate Abilities, Weirdness & Mutations

You cannot wear most types of armour.
You are amphibious.
You can wear up to eight rings at the same time.
Your skin changes colour to match your surroundings (Stealth+).
Your rubbery body absorbs attacks. (AC +1, EV +1)
((You are camouflaged when in or above water. (Stealth+)))
You have tentacles for arms and can constrict up to eight enemies at once.


Message History

The wight attacks as it pursues you!
The wight hits you from afar with a +0 halberd!
* * * LOW HITPOINT WARNING * * *
You feel drained.
You take 14 damage, and have 2/49 hp.
MASSIVE DAMAGE!!
You feel much better. The wight closely misses you.
You regained 23 hp, and now have 25/49 hp.
The wight closely misses you.
You hit the wight. Your grab misses the wight.
The wight hits you with a +0 halberd!
You take 7 damage, and have 19/49 hp.
You hit the wight but do no damage. Your grab misses the wight.
You squeeze the wight. The wight misses you.
You hit the wight but do no damage. You grab the wight.
You constrict the wight.
You destroy the wight!
Qazlal accepts your kill.
You are now surrounded by a storm.
Things that are here:
a +0 halberd; a +0 robe
s - 59 stones (gained 5)
You now have 209 gold pieces (gained 15).
t - a scroll of identify {@r1} Health restored: 51 You start putting on your amulet.
You continue putting on your amulet of faith. x5
You finish putting on your amulet of faith.
You feel a surge of divine interest.
h - an amulet of faith (around mantle)
Okay, then.
Found a hide-covered altar of Uskayaw.
You now have 217 gold pieces (gained 8).
As you open the door, it creaks loudly!
An orc comes into view. It is wielding a +0 short sword.
The orc shouts!
You reach to attack!
You puncture the orc!
You kill the orc!
Qazlal accepts your kill.
No target in view!
No target in view!
A scorpion comes into view.
The scorpion moves out of view.
You hit the scorpion. Your grab misses the scorpion.
You block the scorpion's attack.
You barely miss the scorpion. Your grab misses the scorpion.
Your squeeze misses the scorpion. The scorpion stings you.
You take 4 damage, and have 47/51 hp.
You barely miss the scorpion. You grab the scorpion.
You constrict the scorpion. The scorpion stings you.
You take 3 damage, and have 44/51 hp.
You puncture the scorpion! You squeeze the scorpion.
You constrict the scorpion, but do no damage.
The scorpion stings you!
You take 7 damage, and have 37/51 hp.
You hit the scorpion.
You kill the scorpion!
Qazlal accepts your kill.
Your life force feels restored.
No target in view!
You see here a scorpion corpse.
f - 2 scrolls labelled RUICAU XUZXAMN (gained 1)
You see here a scorpion corpse.
You see here a +0 short sword.
A gnoll comes into view.
It is wielding a +0 whip of electrocution.
Found a grey potion.
Found a stone staircase leading down.
Health restored: 52 A gnoll comes into view.
It is wielding a +0 whip.
The gnoll shouts! x2
You hear a shout!
A gnoll sergeant comes into view. It is wielding a +0 spear.
You hear a shout!
You hit the gnoll. Your grab misses the gnoll.
The gnoll hits you with a +0 whip of electrocution!
You are electrocuted!
The gnoll sergeant hits you from afar with a +0 spear!
You take 34 damage, and have 18/52 hp.
MASSIVE DAMAGE!!
You hit the gnoll. You grab the gnoll. You squeeze the gnoll.
You constrict the gnoll.
You kill the gnoll!
Qazlal accepts your kill.
The gnoll sergeant hits you from afar with a +0 spear!
* * * LOW HITPOINT WARNING * * *
You take 9 damage, and have 9/52 hp.
You hit the gnoll but do no damage. You grab the gnoll. You squeeze the gnoll!
You kill the gnoll!
Qazlal accepts your kill.
A gnoll comes into view. It is wielding a +0 flail.
The gnoll sergeant completely misses you.
The gnoll sergeant attacks as it pursues you!
The gnoll sergeant hits you from afar with a +0 spear.
* * * LOW HITPOINT WARNING * * *
You take 3 damage, and have 7/52 hp.
The gnoll sergeant attacks as it pursues you!
The gnoll sergeant hits you from afar with a +0 spear.
* * * LOW HITPOINT WARNING * * *
You take 1 damage, and have 7/52 hp.
The gnoll sergeant attacks as it pursues you!
The gnoll sergeant hits you from afar with a +0 spear!
You die...

.#.......[)...#...#.......#...#
.#.......<#####.#...8.>.8...#.#
.#..#..#..#####...#.......#...#
.......#.........)..#.8.#....##
.#.....#...#####..........#..#
.#..####...#####...[.#.#.##.#####
.#...............[).........g....
##...#####.##.##..###.#..####.##.
#...#####.##...@.g##...## #.#
##...#.................#### #.#
.....#.#.#.#>#............# #g#
.P.....#......))..........# #>#
_PP..#####.#.#............# #.!
.P.....#...#.#............# ##..
.P...#.#.#.#.#...........)# .##
##..z#.......#<......###### .#
#...#####.###.##.#### .#


You could see a gnoll sergeant.

Vanquished Creatures
  Sigmund (D:2)
  2 phantoms
  2 scorpions (D:5)
  5 wights
  A hound (D:5)
  A sleepcap (D:4)
  Jessica (D:3)
  3 orc wizards
  6 gnolls
  9 adders
  3 worms
  7 dart slugs
  8 orcs
  6 ball pythons
  11 bats
  5 endoplasms
  5 giant cockroaches
  7 goblins
  6 hobgoblins
  4 jackals
  4 quokkas
  A frilled lizard (D:1)
  14 kobolds
  6 rats
118 creatures vanquished.

Notes
Turn   | Place    | Note
-------+----------+-------------------------------------------
     0 | D:1      | sokol815 the Octopode Fighter began the quest for the Orb.
     0 | D:1      | Reached XP level 1. HP: 16/16 MP: 1/1
    83 | D:1      | Found Jytwen's Distillery.
   102 | D:1      | Reached XP level 2. HP: 21/21 MP: 2/2
   195 | D:1      | Reached skill level 3 in Polearms
   245 | D:1      | Reached XP level 3. HP: 26/26 MP: 3/3
   352 | D:1      | Bought a potion of degeneration for 11 gold pieces
   434 | D:1      | Reached skill level 4 in Polearms
   652 | D:2      | Noticed Sigmund
   671 | D:2      | Killed Sigmund
   672 | D:2      | Reached skill level 6 in Polearms
   672 | D:2      | Reached XP level 4. HP: 13/31 MP: 4/4
   672 | D:2      | Reached XP level 5. HP: 15/36 MP: 5/5
  1144 | D:2      | Reached XP level 6. HP: 42/42 MP: 6/6
  1629 | D:3      | Found a burning altar of Makhleb.
  1736 | D:3      | Noticed Jessica
  1740 | D:3      | Killed Jessica
  1746 | D:3      | Found an ornate altar of the Wu Jian Council.
  1794 | D:3      | Found Loeshrol's Book Shop.
  1857 | D:3      | Found a runed translucent door.
  1858 | D:3      | Noticed Crazy Yiuf
  2005 | D:3      | Found a faded altar of an unknown god.
  2020 | D:3      | Found a shimmering altar of Xom.
  2173 | D:3      | Found Taenicw's Armour Boutique.
  2370 | D:4      | Reached skill level 7 in Polearms
  2485 | D:4      | Found a broken altar of Ashenzari.
  2501 | D:4      | Reached XP level 7. HP: 28/46 MP: 7/7
  2960 | D:4      | Found a stormy altar of Qazlal.
  2971 | D:4      | Became a worshipper of Qazlal Stormbringer
  3063 | D:4      | Found a shimmering blue altar of Sif Muna.
  3200 | D:5      | Entered Level 5 of the Dungeon
  3257 | D:5      | Found a staircase to the Ecumenical Temple.
  3434 | D:5      | Reached skill level 8 in Polearms
  3645 | D:5      | Found a blossoming altar of Fedhas.
  3778 | D:5      | HP: 6/45 [wight/+0 halberd (10)]
  3778 | D:5      | HP: 1/43 [wight/+0 halberd (5)]
  3950 | D:4      | Reached skill level 9 in Polearms
  3950 | D:4      | Reached XP level 8. HP: 44/51 MP: 8/8
  4073 | D:5      | HP: 2/51 [wight/+0 halberd (14)]
  4078 | D:5      | Reached * piety under Qazlal
  4224 | D:5      | Noticed a +0 short sword
  4224 | D:5      | Noticed a +0 falchion
  4224 | D:5      | Noticed a +0 falchion
  4224 | D:5      | Noticed a +0 dagger
  4225 | D:5      | Noticed a +0 dagger
  4225 | D:5      | Noticed a +0 spear
  4225 | D:5      | Noticed a +0 spear
  4225 | D:5      | Noticed a +0 short sword
  4297 | D:5      | Found a hide-covered altar of Uskayaw.
  4527 | D:5      | HP: 9/52 [gnoll sergeant/+0 spear (9)]
  4532 | D:5      | HP: 7/52 [gnoll sergeant/+0 spear (3)]
  4537 | D:5      | HP: 7/52 [gnoll sergeant/+0 spear (2)]
  4544 | D:5      | Slain by a gnoll sergeant

Illustrated notes

Levels and vault maps discovered:
D:1:      minmay_arrival_radiant_lines, layout_rooms, serial_shops,
          nicolae_shop_hallway_stairs, dreamdust_wishing_well
D:2:      layout_loops_corners, uniq_sigmund
D:3:      layout_rooms, mainiacjoe_overflow_brackets,
          mainiacjoe_overflow_concentric_impassable, nzn_wu_jian_contemplation,
          nicolae_ecumenical_oubliette, serial_shops, shop,
          nicolae_shop_window_shopping, kennysheep_generic_room_3,
          uniq_crazy_yiuf_cottage, uniq_jessica
D:4:      layout_rooms, marbit_many_paths, mainiacjoe_overflow_paths,
          evilmike_ruin_ashenzari, minmay_misc_feat_ornament,
          nicolae_underground_beach
D:5:      layout_loops_cross, nicolae_uskayaw_en_pointe, fedhas_altar_3,
          minmay_temple_entry_sparse_star

Skill      XL: |  1  2  3  4  5  6  7 |
---------------+----------------------+-----
Polearms       | 3 6 7 9 |  9.8
Fighting       | |  3.0
Dodging        | |  3.0
Shields        | |  3.0

Action                     |  1- 3 |  4- 6 |  7- 9 || total
---------------------------+-------+-------+-------++-------
  Melee: Trident           |    69 |    97 |   119 ||   285
         Constrict         |    13 |    17 |    17 ||    47
         Tentacles         |     6 |    13 |    26 ||    45
         Punch             |       |       |     1 ||     1
    Use: Potion            |     1 |     1 |     2 ||     4
         Scroll            |       |       |     5 ||     5
   Stab: Sleeping          |     3 |    12 |     8 ||    23
 Armour: Skin              |    19 |    28 |    50 ||    97
  Dodge: Dodged            |    37 |    32 |    34 ||   103
  Block: Buckler           |     5 |    14 |    14 ||    33

Table legend: (Time is in decaauts)
 A = Elapsed time spent in this place.
 B = Non-inter-level travel time spent in this place.
 C = Inter-level travel time spent in this place.
 D = Time resting spent in this place.
 E = Time spent auto-exploring this place.
 F = Levels seen in this place.
 G = Mean time per level.
                   A        B        C        D        E       F      G
               +--------+--------+--------+--------+--------+-----+--------+
         Total |   4556 |   4396 |    160 |    483 |   3126 |   5 |  911.2 |
       Dungeon |   4556 |   4396 |    160 |    483 |   3126 |   5 |  911.2 |
               +--------+--------+--------+--------+--------+-----+--------+

Top non-repeatable levels by time:
     D:4: 1263 daAuts
     D:2: 1029 daAuts
     D:5: 919 daAuts
     D:3: 750 daAuts
     D:1: 594 daAuts

Levels and vault maps discovered:
D:1:      minmay_arrival_radiant_lines, layout_rooms, serial_shops,
          nicolae_shop_hallway_stairs, dreamdust_wishing_well
D:2:      layout_loops_corners, uniq_sigmund
D:3:      layout_rooms, mainiacjoe_overflow_brackets,
          mainiacjoe_overflow_concentric_impassable, nzn_wu_jian_contemplation,
          nicolae_ecumenical_oubliette, serial_shops, shop,
          nicolae_shop_window_shopping, kennysheep_generic_room_3,
          uniq_crazy_yiuf_cottage, uniq_jessica
D:4:      layout_rooms, marbit_many_paths, mainiacjoe_overflow_paths,
          evilmike_ruin_ashenzari, minmay_misc_feat_ornament,
          nicolae_underground_beach
D:5:      layout_loops_cross, nicolae_uskayaw_en_pointe, fedhas_altar_3,
          minmay_temple_entry_sparse_star

Table legend: (Time is in decaauts)
 A = Elapsed time spent in this place.
 B = Non-inter-level travel time spent in this place.
 C = Inter-level travel time spent in this place.
 D = Time resting spent in this place.
 E = Time spent auto-exploring this place.
 F = Levels seen in this place.
 G = Mean time per level.
                   A        B        C        D        E       F      G
               +--------+--------+--------+--------+--------+-----+--------+
         Total |   4556 |   4396 |    160 |    483 |   3126 |   5 |  911.2 |
       Dungeon |   4556 |   4396 |    160 |    483 |   3126 |   5 |  911.2 |
               +--------+--------+--------+--------+--------+-----+--------+

Top non-repeatable levels by time:
     D:4: 1263 daAuts
     D:2: 1029 daAuts
     D:5: 919 daAuts
     D:3: 750 daAuts
     D:1: 594 daAuts

Table legend:
 A = Kills in this place as a percentage of kills in the entire game.
 B = Kills by you in this place as a percentage of kills by you in the entire game.
 C = Kills by friends in this place as a percentage of kills by friends in the entire game.
 D = Other kills in this place as a percentage of other kills in the entire game.
 E = Experience gained in this place as a percentage of experience gained in the entire game.
 F = Experience gained in this place divided by the number of levels of this place that you have seen.
                   A       B       C       D       E      F
               +-------+-------+-------+-------+-------+----------------------
         Total | 100.0 | 100.0 |   N/A |   N/A | 100.0 | 314.2
       Dungeon | 100.0 | 100.0 |   N/A |   N/A | 100.0 | 314.2
               +-------+-------+-------+-------+-------+----------------------
